 Dungeon Crawl Stone Soup version 0.23.2-30-g0e89c35649 (webtiles) character file.

Game seed: 7641597659304000898

23 1994 the Grave Robber (level 2, -6/14 HPs)
             Began as a Vine Stalker Necromancer on June 14, 2019.
             Killed from afar by Natasha (7 damage)
             ... with a magic dart
             ... on level 2 of the Dungeon.
             The game lasted 00:04:43 (1722 turns).

1994 the Grave Robber (Vine Stalker Necromancer)    Turns: 1722, Time: 00:04:43

Health: -6/14      AC:  3    Str: 10    XL:     2   Next: 95%
Magic:  0/6        EV: 11    Int: 15    God:
Gold:   92         SH:  0    Dex: 14    Spells: 4/6 levels left

rFire    . . .     SeeInvis .   (no weapon)
rCold    . . .     Gourm    .   (no shield)
rNeg     . . .     Faith    .   j - +0 leather armour
rPois    .         Spirit   +   (no helmet)
rElec    .         Reflect  .   (no cloak)
rCorr    .         Harm     .   (no gloves)
MR       .....                  (no boots)
Stlth    ++........             (no amulet)
HPRegen  0.04/turn              (no ring)
MPRegen  0.10/turn              (no ring)

@: no status effects
A: fangs 2, magic shield, antimagic bite, no potion heal 3, rot immunity
a: no special abilities


You were on level 2 of the Dungeon.
You were not hungry.

You visited 1 branch of the dungeon, and saw 2 of its levels.

You collected 92 gold pieces.

Inventory:

Hand Weapons
 a - a +0 club
Missiles
 b - 17 stones (quivered)
Armour
 j - a +0 leather armour (worn)
Jewellery
 f - a +3 ring of strength {unknown}
Scrolls
 h - 2 scrolls of identify {unknown}
 k - a scroll of teleportation {unknown}
Potions
 d - 2 potions of cancellation {unknown}
 e - a potion of curing {unknown}
 g - a potion of mutation {unknown}
 i - a potion of lignification {unknown}
Comestibles
 c - 5 rations
 l - a chunk of flesh


   Skills:
 + Level 0.6 Fighting
 * Level 0.6 Maces & Flails
 - Level 1.5 Dodging
 - Level 2.4 Stealth
 * Level 2.7 Spellcasting
 * Level 4.2 Necromancy


You had 4 spell levels left.
You knew the following spells:

 Your Spells              Type           Power        Failure   Level  Hunger
a - Pain                  Necr           ##..         4%          1    #......
b - Animate Skeleton      Necr           N/A          4%          1    #......

Your spell library contained the following spells:

 Spells                   Type           Power        Failure   Level  Hunger
 Vampiric Draining        Necr           ##........   14%         3    ###....
 Regeneration             Chrm/Necr      #.........   34%         3    ###....
 Animate Dead             Necr           N/A          43%         4    #####..


Dungeon Overview and Level Annotations

Branches:
Dungeon (2/15)

Altars:

Annotations:
D:2 Natasha


Innate Abilities, Weirdness & Mutations

You have extremely sharp teeth.
When hurt, damage is shared between your health and your magic reserves.
Your bite disrupts and absorbs the magic of your enemies.
Potions cannot restore your health.
You are immune to rotting.


Message History

Natasha barely misses you.
Unknown command.
Unknown command.
You hit Natasha. Your bite misses Natasha.
Natasha is severely wounded.
Natasha closely misses you.
The crimson imp blinks!
Unknown command.
Unknown command.
You closely miss Natasha. Your bite misses Natasha.
Natasha is severely wounded.
Natasha wildly gestures.
You feel troubled. Natasha barely misses you.
Unknown command.
You barely miss Natasha.
Natasha is severely wounded.
Natasha casts a spell at you. The magic dart hits you!
Ouch! That really hurt!
You die...

#.##.###....######
#.....#.#.### #.##.# #
#.##.# #. #.##.# #.##.##.#
#.###.......#
.....[..5#####
...####.5h@<.#
#......####.##############
..###### #...............
################


You could see Natasha, a crimson imp and a shadow imp.

Vanquished Creatures
  A dart slug (D:1)
  A leopard gecko (D:1)
  A giant cockroach (D:2)
  4 hobgoblins (D:1)
  3 jackals (D:1)
  3 kobolds (D:1)
  2 bats
  2 rats (D:1)
17 creatures vanquished.

Notes
Turn   | Place    | Note
-------+----------+-------------------------------------------
     0 | D:1      | 1994 the Vine Stalker Necromancer began the quest for the
                  | Orb.
     0 | D:1      | Reached XP level 1. HP: 9/9 MP: 4/4
   313 | D:1      | Reached XP level 2. HP: 8/14 MP: 0/6
   331 | D:1      | Learned a level 1 spell: Animate Skeleton
  1582 | D:2      | Noticed Natasha
  1708 | D:2      | Noticed a crimson imp
  1722 | D:2      | Killed from afar by Natasha

Action                   || total
-------------------------++-------
Melee: Unarmed           ||    57
       Bite              ||    11
 Cast: Pain              ||    28
       Animate Skeleton  ||     1
  Eat: Chunk             ||     3
Armor: Robe              ||     1
       Leather armour    ||    14
Dodge: Dodged            ||    44
